 Dungeon Crawl Stone Soup version 0.19.0-19-g8c6edcc (webtiles) character file.

260 HungrySpirit the Skirmisher (level 6, 0/56 HPs)
             Began as a Hill Orc Wanderer on Nov 14, 2016.
             Killed from afar by a white imp (7 damage)
             ... with a puff of frost
             ... summoned by Eustachio
             ... on level 4 of the Dungeon.
             The game lasted 00:05:19 (4210 turns).

HungrySpirit the Skirmisher (Hill Orc Wanderer)     Turns: 4210, Time: 00:05:20

Health: 0/56       AC:  7    Str: 14      XL:     6   Next: 17%
Magic:  7/7        EV: 10    Int: 14      God:
Gold:   266        SH:  0    Dex:  9 (11) Spells: 0 memorised, 7 levels left

rFire  . . .     SeeInvis .     q - +1 hand axe (chop)
rCold  . . .     Gourm    .     n - +0 ring mail
rNeg   . . .     Faith    .     (no shield)
rPois  .         Spirit   .     (no helmet)
rElec  .         Reflect  .     o - +0 cloak
rCorr  .         Harm     .     g - +0 pair of gloves
MR     .....                    (no boots)
Stlth  ..........               (no amulet)
                                (no ring)
                                (no ring)

@: no status effects
A: no striking features
a: no special abilities


You were on level 4 of the Dungeon.
You were hungry.

You visited 1 branch of the dungeon, and saw 5 of its levels.

You collected 266 gold pieces.

Inventory:

Hand Weapons
 q - a +1 hand axe of chopping (weapon)
 t - a +0 war axe
Armour
 g - a +0 pair of gloves (worn)
 n - a +0 ring mail (worn)
 o - a +0 cloak (worn)
 w - a +0 buckler
Wands
 c - a wand of random effects (15/48)
 s - a wand of iceblast (5/15)
Scrolls
 b - 2 scrolls of fear
 h - 2 scrolls of identify
 i - 3 scrolls of recharging
 j - 2 scrolls of teleportation
Potions
 e - 2 potions of flight {unknown}
 k - a potion of agility {unknown}
 m - 2 potions of haste {unknown}
 r - a potion of brilliance {unknown}
 v - a potion of mutation {unknown}
Comestibles
 a - 2 meat rations
 d - a royal jelly
 f - 4 bread rations
 l - a slice of pizza


   Skills:
 - Level 5.3 Fighting
   Level 1.0 Short Blades
 * Level 5.3 Axes
 - Level 1.1 Armour
 - Level 1.0 Spellcasting
   Level 3.0 Conjurations
   Level 1.0 Summonings
 - Level 2.0 Evocations


You had 7 spell levels left.
You didn't know any spells.

Dungeon Overview and Level Annotations

Branches:
Dungeon (5/15)
 Temple: D:4-7

Altars:
Cheibriados
Fedhas
Nemelex Xobeh
Sif Muna
The Shining One

Annotations:
D:4 Eustachio


Message History

Eustachio mumbles some strange words.
The white imp shouts, "Scamper hence, thou goatish milk-livered prigger-of-prances!"
The bat hits you but does no damage. The bat closely misses you.
The bat hits you but does no damage. The bat barely misses you.
Eustachio mumbles some strange words.
Eustachio blinks!
The ufetubus barely misses you. x2
The bat barely misses you. The bat hits you.
* * * LOW HITPOINT WARNING * * *
The ufetubus closely misses you. x2
The bat closely misses you. x2
The white imp gestures at you. The puff of frost misses you.
The bat hits you but does no damage. The bat barely misses you.
The white imp gestures at you. The puff of frost hits you!
You die...

.................#
###.###..........#
#.÷.#..........#
###..#r.......## #####
#####.........######..>>
##....r###............###
###.......###........####
..#........5.5..>..###..)#
...........b@##.......##...#
#.......)....##.[.###.####...
###..........##5....#..## ##
##.................#..#####
#.........##...#..........
#.........##...##.##...<##
##..####..##...##.#####...
#... #..#######.. ..#. ♣PP.
#..# #### ##.##


You could see a river rat, a white imp, an ufetubus and a bat.

Vanquished Creatures
  A howler monkey (D:4)
  Jessica (D:2)
  Ijyb (D:3)
  2 worker ants (D:4)
  A howler monkey skeleton (D:4)
  2 adders
  2 oozes (D:2)
  An adder skeleton (D:4)
  A worm (D:2)
  3 dart slugs
  6 leopard geckos
  5 orcs
  A ball python (D:2)
  6 bats
  A giant cockroach (D:1)
  7 goblins
  3 hobgoblins
  8 jackals (D:2)
  4 kobolds
  2 quokkas (D:4)
  4 frilled lizards
  8 rats
70 creatures vanquished.

Notes
Turn   | Place    | Note
-------+----------+-------------------------------------------
     0 | D:1      | HungrySpirit the Hill Orc Wanderer began the quest for the Orb.
     0 | D:1      | HungrySpirit set off with: a book of Conjurations, the Handbook of the Voyage, a wand of random effects (15/48), a +0 robe, a +0 club, a bread ration
     0 | D:1      | Reached XP level 1. HP: 18/18 MP: 2/2
   445 | D:1      | Reached XP level 2. HP: 14/26 MP: 3/3
  1317 | D:2      | Reached XP level 3. HP: 28/33 MP: 4/4
  1633 | D:2      | Found a deep blue altar of Sif Muna.
  2160 | D:2      | Noticed Jessica
  2177 | D:2      | Killed Jessica
  2177 | D:2      | Reached skill level 5 in Fighting
  2177 | D:2      | Reached skill level 1 in Short Blades
  2177 | D:2      | Reached XP level 4. HP: 24/42 MP: 5/5
  2537 | D:3      | Reached skill level 1 in Axes
  2631 | D:3      | Noticed Ijyb
  2675 | D:3      | Killed Ijyb
  2675 | D:3      | Reached XP level 5. HP: 19/48 MP: 6/6
  3078 | D:3      | Found a snail-covered altar of Cheibriados.
  3560 | D:4      | Found a sparkling altar of Nemelex Xobeh.
  3614 | D:4      | Reached XP level 6. HP: 34/56 MP: 7/7
  3626 | D:4      | Reached skill level 5 in Axes
  3726 | D:4      | Noticed Eustachio
  3734 | D:5      | Entered Level 5 of the Dungeon
  3734 | D:5      | Found a blossoming altar of Fedhas.
  3734 | D:5      | Found a glowing golden altar of the Shining One.
  4210 | D:4      | Killed from afar by a white imp

Skill      XL: |  1  2  3  4  5  6 |
---------------+-------------------+-----
Fighting       | 3 4 5 |  5.3
Short Blades   | 1 |  1.0
Axes           | 2 4 5 |  5.3
Armour         | |  1.1
Spellcasting   | |  1.0
Conjurations   | |  3.0
Summonings     | |  1.0
Evocations     | |  2.0

Action                   |  1- 3 |  4- 6 || total
-------------------------+-------+-------++-------
Melee: Club              |    32 |       ||    32
       Short sword       |   200 |     8 ||   208
       Hand axe          |       |   163 ||   163
  Use: Scroll            |     3 |     6 ||     9
  Eat: Chunk             |     4 |     5 ||     9
       Pizza             |       |     1 ||     1
Armor: Robe              |    62 |       ||    62
       Ring mail         |    53 |   128 ||   181
Dodge: Dodged            |   169 |   160 ||   329
